AoeStats
← [ExIT] Sawyer

Arena

509716867Analyzed
2v2 RM · 5d ago on Sep 27, 2026· 69m 59s· 4 players
Game mode
Random Map
Map size
Medium (4 player)
Population
200
Speed
Normal
Resources
Standard
Victory
Conquest
Starting age
Dark Age
Ending age
Imperial Age
RankedLock teamsTeams togetherTeam positionsShared explorationLock speedFull tech treeHidden civsTurbo modeCheats
Victory
Defeat
🇹🇷 Cumans · Türkiye
1183
+17
🇹🇷 Vikings · Türkiye
1166
+18
🇩🇪 Italians · Germany
1217
-18
🇩🇪 Saxons · Germany
1197
-17
Fame
7:33 Loom
9:40 Feudal Age
10:55 Double-Bit Axe
22:42 Gold Mining
23:10 Fletching
26:40 Wheelbarrow
25:53 Horse Collar
30:46 Castle Age
29:14 Stone Mining
30:18 Bloodlines
30:48 Capped Ram
32:00 Hand Cart
31:59 Bow Saw
36:39 Forging
36:34 Scale Barding Armor
36:27 Bodkin Arrow
38:09 Iron Casting
40:27 Imperial Age
38:02 Heavy Plow
39:17 Gold Shaft Mining
39:53 Chain Barding Armor
40:36 Elite Steppe Lancer
44:56 Conscription
45:02 Light Cavalry
46:57 Parthian Tactics
46:39 Thumb Ring
46:01 Hussar
47:00 Heavy Cavalry Archer
48:55 Elite Skirmisher
50:50 Blast Furnace
50:25 Plate Barding Armor
49:47 Bodkin Arrow
52:11 Padded Archer Armor
54:49 Two-Man Saw
54:44 Steppe Husbandry
54:59 Steppe Husbandry
55:45 Ballistics
56:55 Leather Archer Armor
60:16 Chemistry
61:49 Masonry
65:52 Crop Rotation
66:37 Pikeman
67:17 Squires
67:21 Scale Mail Armor
67:52 Ring Archer Armor
67:34 Halberdier
taaaaazzyy
10:04 Feudal Age
10:51 Man-at-Arms
12:35 Arson
14:18 Loom
16:20 Forging
16:40 Scale Mail Armor
16:46 Double-Bit Axe
18:45 Horse Collar
24:17 Castle Age
23:27 Gold Mining
24:31 Long Swordsman
25:14 Squires
25:29 Heavy Plow
25:41 Bow Saw
26:34 Iron Casting
28:36 Fletching
29:56 Gold Shaft Mining
30:34 Chain Mail Armor
37:33 Imperial Age
36:58 Bodkin Arrow
37:53 Stone Mining
38:37 Conscription
38:22 Murder Holes
38:48 Ballistics
38:08 Treadmill Crane
38:39 Masonry
38:34 Siege Engineers
40:00 Two-Man Saw
39:33 Crop Rotation
40:37 Chemistry
39:15 Two-Handed Swordsman
40:55 Hoardings
41:54 Blast Furnace
41:25 Plate Mail Armor
40:42 Champion
42:15 Bracer
43:44 Architecture
44:06 Fortified Wall
44:16 Town Watch
50:48 Elite Skirmisher
51:29 Padded Archer Armor
53:19 Leather Archer Armor
57:13 Ring Archer Armor
57:32 Caravan
Ehrenkantee
7:33 Loom
11:49 Feudal Age
12:20 Man-at-Arms
12:52 Horse Collar
13:00 Double-Bit Axe
13:05 Town Watch
13:57 Wheelbarrow
20:08 Fletching
20:53 Scale Mail Armor
23:31 Padded Archer Armor
23:44 Forging
32:52 Castle Age
36:25 Hand Cart
36:26 Bow Saw
36:19 Heavy Plow
37:09 Stone Mining
38:07 Town Watch
42:16 Bodkin Arrow
47:17 Imperial Age
45:02 Fortified Wall
45:03 Masonry
44:36 Treadmill Crane
47:56 Stone Shaft Mining
47:11 Gold Mining
49:04 Chemistry
48:29 Conscription
48:16 Caravan
47:51 Elite Genoese Crossbowman
48:58 Conscription
49:54 Leather Archer Armor
51:05 Hoardings
56:14 Bloodlines
55:24 Light Cavalry
56:05 Husbandry
55:56 Elite Skirmisher
57:19 Ring Archer Armor
56:50 Bracer
57:07 Chain Mail Armor
57:28 Iron Casting
57:24 Ring Archer Armor
57:44 Iron Casting
58:14 Ballistics
58:25 Architecture
57:23 Hussar
58:14 Scale Barding Armor
62:36 Chain Barding Armor
63:16 Blast Furnace
68:49 Plate Barding Armor
[ExIT] Sawyer
10:26 Feudal Age
9:42 Loom
11:21 Man-at-Arms
11:49 Double-Bit Axe
11:46 Horse Collar
14:25 Loom
15:41 Scale Mail Armor
16:25 Forging
24:15 Castle Age
24:29 Long Swordsman
24:56 Gambesons
25:13 Squires
28:48 Wheelbarrow
30:09 Bow Saw
32:07 Chain Mail Armor
33:11 Iron Casting
33:24 Fletching
37:04 Imperial Age
34:56 Heavy Plow
36:01 Arson
37:32 Two-Handed Swordsman
38:40 Conscription
41:19 Champion
43:48 Plate Mail Armor
42:50 Elite Varangian Guard
50:38 Cranequins
51:18 Bodkin Arrow
51:24 Padded Archer Armor
52:55 Ballistics
53:49 Bracer
54:05 Leather Archer Armor
54:20 Elite Skirmisher
Connection lost

Rejoining the realm…

Still unreachable

The connection could not be restored.

Session expired

The server has moved on; the page needs a fresh start.